NYP
CINCINNATI (NYP) REDS @ AUBURN DOUBLEDAYS
09/23/2044
 
TOP OF THE 1ST
Cincinnati (NYP) Reds batting - Pitching for Auburn Doubledays : RHP Gary Simmons
Pitching: RHP Gary Simmons
Batting: RHB Marcus Carter 0-0: Ball
1-0: Ball
2-0: Called Strike
2-1: Ball
3-1: Ground out 4-3 (Groundball, 4, EV 90.0 MPH)
Batting: RHB Dave Ruiz 0-0: Called Strike
0-1: Called Strike
0-2: Foul Ball, location: 2F
0-2: Ball
1-2: Strikes out swinging
Batting: SHB Bryan Johnston 0-0: Ball
1-0: Ball
2-0: Ball
3-0: Called Strike
3-1: Base on Balls
Batting: RHB Jamie Ingram 0-0: Ball
Bryan Johnston steals 2nd, throwing error, E2
Bryan Johnston to third
1-0: Ball
2-0: Called Strike
2-1: SINGLE (Groundball, 34D, EV 96.9 MPH)
Bryan Johnston scores
Batting: RHB Kagetoki Kawai 0-0: Ball
1-0: Ball
2-0: Fly out, F5 (Flyball, 5D, EV 90.0 MPH)
Top of the 1st over - 1 run, 1 hit, 1 error, 1 left on base; Cincinnati (NYP) 1 - Auburn 0
BOTTOM OF THE 1ST
Auburn Doubledays batting - Pitching for Cincinnati (NYP) Reds : RHP Tim Bant
Pitching: RHP Tim Bant
Batting: SHB Dan Castaneda 0-0: Swinging Strike
0-1: Swinging Strike
0-2: Foul Ball, location: 2F
0-2: Strikes out swinging
Batting: RHB Slavik Nebrodov 0-0: SINGLE (Groundball, 56D, EV 98.8 MPH)
Batting: LHB Nate Melendez 0-0: Fly out, F8 (Line Drive, 8RD, EV 90.6 MPH)
Batting: SHB Gabe Fraunfelder 0-0: Ball
1-0: Fly out, F8 (Line Drive, 8RM, EV 100.6 MPH)
Bottom of the 1st over - 0 runs, 1 hit, 0 errors, 1 left on base; Cincinnati (NYP) 1 - Auburn 0
TOP OF THE 2ND
Cincinnati (NYP) Reds batting - Pitching for Auburn Doubledays : RHP Gary Simmons
Batting: SHB Jeffrey Louter 0-0: SOLO HOME RUN (Flyball, 9D, EV 103.8 MPH), Distance : 403 ft
Batting: RHB Chae-seong Lee 0-0: Called Strike
0-1: Foul Ball, location: 2F
0-2: Ball
1-2: Strikes out swinging
Batting: LHB Antonio Molina 0-0: Called Strike
0-1: Called Strike
0-2: Foul Ball, location: 2F
0-2: Foul Ball, location: 2F
0-2: Foul Ball, location: 2F
0-2: Ball
1-2: Hit by Pitch
Batting: RHB Alfredo Razo 0-0: Called Strike
0-1: Fielders Choice at 2nd, 3-6 (Groundball, 34S, EV 85.0 MPH)
Batting: RHB Marcus Carter 0-0: Called Strike
Alfredo Razo steals 2nd base
0-1: Ball
Alfredo Razo steals 3rd base (no throw)
1-1: Ball
2-1: Swinging Strike
2-2: Ball
3-2: Foul Ball, location: 2F
3-2: Base on Balls
Batting: RHB Dave Ruiz 0-0: Ball
1-0: Ball
2-0: Called Strike
2-1: Swinging Strike
2-2: Ball
3-2: Strikes out swinging
Top of the 2nd over - 1 run, 1 hit, 0 errors, 2 left on base; Cincinnati (NYP) 2 - Auburn 0
BOTTOM OF THE 2ND
Auburn Doubledays batting - Pitching for Cincinnati (NYP) Reds : RHP Tim Bant
Batting: LHB Elias Posada 0-0: Ground out U3 (Groundball, 3, EV 98.8 MPH)
Batting: SHB Alex Medina 0-0: Foul Ball, location: 2F
0-1: Fly out, F5 (Line Drive, 5, EV 67.5 MPH)
Batting: RHB Nick Moreno 0-0: Foul Ball, location: 2F
0-1: Ball
1-1: Ball
2-1: Ball
3-1: Foul Ball, location: 2F
3-2: Foul Ball, location: 2F
3-2: Hit by Pitch
Batting: RHB Isaiah Seme 0-0: Ball
1-0: Called Strike
1-1: Foul Ball, location: 2F
1-2: Ball
2-2: Ball
3-2: Ground out 5-3 (Groundball, 56, EV 86.3 MPH)
Bottom of the 2nd over - 0 runs, 0 hits, 0 errors, 1 left on base; Cincinnati (NYP) 2 - Auburn 0
TOP OF THE 3RD
Cincinnati (NYP) Reds batting - Pitching for Auburn Doubledays : RHP Gary Simmons
Batting: SHB Bryan Johnston 0-0: Called Strike
0-1: Swinging Strike
0-2: Foul Ball, location: 2F
0-2: Ball
1-2: Foul Ball, location: 2F
1-2: Foul Ball, location: 2F
1-2: Ball
2-2: Strikes out swinging
Batting: RHB Jamie Ingram 0-0: Foul Ball, location: 2F
0-1: Ground out 6-3 (Groundball, 6M, EV 104.4 MPH)
Batting: RHB Kagetoki Kawai 0-0: Called Strike
0-1: Ball
1-1: Called Strike
1-2: Ball
2-2: Ground out 6-3 (Groundball, 6, EV 104.4 MPH)
Top of the 3rd over - 0 runs, 0 hits, 0 errors, 0 left on base; Cincinnati (NYP) 2 - Auburn 0
BOTTOM OF THE 3RD
Auburn Doubledays batting - Pitching for Cincinnati (NYP) Reds : RHP Tim Bant
Batting: LHB Mike Condon 0-0: Called Strike
0-1: Swinging Strike
0-2: Ball
1-2: Foul Ball, location: 2F
1-2: Ball
2-2: Ground out 6-3 (Groundball, 6, EV 101.9 MPH)
Batting: SHB Dan Castaneda 0-0: Ball
1-0: Ball
2-0: Ball
3-0: Foul Ball, location: 2F
3-1: Fly out, F8 (Flyball, 8RD, EV 95.6 MPH)
Batting: RHB Slavik Nebrodov 0-0: Foul Ball, location: 2F
0-1: SINGLE (Groundball, 15S, EV 74.4 MPH) (infield hit)
Batting: LHB Nate Melendez 0-0: Called Strike
0-1: Foul Ball, location: 2F
0-2: Ball
1-2: Ball
2-2: Fielders Choice at 2nd, 6-4 (Groundball, 4M, EV 95.6 MPH)
Bottom of the 3rd over - 0 runs, 1 hit, 0 errors, 1 left on base; Cincinnati (NYP) 2 - Auburn 0
TOP OF THE 4TH
Cincinnati (NYP) Reds batting - Pitching for Auburn Doubledays : RHP Gary Simmons
Batting: SHB Jeffrey Louter 0-0: Foul Ball, location: 2F
0-1: Ball
1-1: Foul Ball, location: 2F
1-2: Strikes out swinging
Batting: RHB Chae-seong Lee 0-0: Ball
1-0: Fly out, F9 (Flyball, 89D, EV 96.9 MPH)
Batting: LHB Antonio Molina 0-0: Ball
1-0: Ball
2-0: Swinging Strike
2-1: SINGLE (Groundball, 25, EV 66.3 MPH) (infield hit)
Batting: RHB Alfredo Razo 0-0: Called Strike
0-1: Ball
1-1: Called Strike
1-2: Strikes out swinging
Top of the 4th over - 0 runs, 1 hit, 0 errors, 1 left on base; Cincinnati (NYP) 2 - Auburn 0
BOTTOM OF THE 4TH
Auburn Doubledays batting - Pitching for Cincinnati (NYP) Reds : RHP Tim Bant
Pitching: RHP Dave Hammertime
Batting: SHB Gabe Fraunfelder 0-0: Ball
1-0: Called Strike
1-1: Fly out, F8 (Flyball, 78M, EV 90.6 MPH)
Pitching: RHP Joaquin Villalobos
Batting: LHB Elias Posada 0-0: Ball
1-0: Fly out, F7 (Flyball, 7LM, EV 94.4 MPH)
Batting: SHB Alex Medina 0-0: Ball
1-0: Foul Ball, location: 2F
1-1: Ball
2-1: SINGLE (Line Drive, 6MD, EV 99.4 MPH)
Batting: RHB Nick Moreno 0-0: Ball
1-0: Ground out U3 (Groundball, 34, EV 80.0 MPH)
Bottom of the 4th over - 0 runs, 1 hit, 0 errors, 1 left on base; Cincinnati (NYP) 2 - Auburn 0
TOP OF THE 5TH
Cincinnati (NYP) Reds batting - Pitching for Auburn Doubledays : RHP Gary Simmons
Pitching: LHP Ruben de Leon
Batting: RHB Marcus Carter 0-0: Called Strike
0-1: Called Strike
0-2: Strikes out looking
Batting: RHB Dave Ruiz 0-0: Ball
1-0: Ball
2-0: Ball
3-0: Called Strike
3-1: Fly out, F8 (Flyball, 8RXD, EV 99.4 MPH)
Batting: SHB Bryan Johnston 0-0: Swinging Strike
0-1: Swinging Strike
0-2: Ball
1-2: Strikes out swinging
Top of the 5th over - 0 runs, 0 hits, 0 errors, 0 left on base; Cincinnati (NYP) 2 - Auburn 0
BOTTOM OF THE 5TH
Auburn Doubledays batting - Pitching for Cincinnati (NYP) Reds : RHP Joaquin Villalobos
Batting: RHB Isaiah Seme 0-0: Foul Ball, location: 2F
0-1: Foul Ball, location: 2F
0-2: Foul Ball, location: 2F
0-2: Strikes out looking
Batting: LHB Mike Condon 0-0: Swinging Strike
0-1: Called Strike
0-2: Strikes out swinging
Batting: SHB Dan Castaneda 0-0: Ball
1-0: Called Strike
1-1: Ball
2-1: Called Strike
2-2: Ball
3-2: DOUBLE (Flyball, 9LD, EV 107.5 MPH)
Batting: RHB Slavik Nebrodov 0-0: Ball
1-0: Ball
2-0: Ball
3-0: Called Strike
3-1: Base on Balls
Batting: LHB Nate Melendez 0-0: Called Strike
0-1: Hit by Pitch
Dan Castaneda to third
Slavik Nebrodov to second
Batting: SHB Gabe Fraunfelder 0-0: Foul Ball, location: 2F
0-1: Foul Ball, location: 2F
0-2: Ground out U3 (Groundball, 3, EV 98.8 MPH)
Bottom of the 5th over - 0 runs, 1 hit, 0 errors, 3 left on base; Cincinnati (NYP) 2 - Auburn 0
TOP OF THE 6TH
Cincinnati (NYP) Reds batting - Pitching for Auburn Doubledays : LHP Ruben de Leon
Batting: RHB Jamie Ingram 0-0: Ball
1-0: Swinging Strike
1-1: Ball
2-1: Ball
3-1: Ground out U3 (Groundball, 34S, EV 86.3 MPH)
Batting: RHB Kagetoki Kawai 0-0: Called Strike
0-1: Called Strike
0-2: Strikes out swinging
Batting: SHB Jeffrey Louter 0-0: Swinging Strike
0-1: Ball
1-1: Ball
2-1: Ball
3-1: Foul Ball, location: 2F
3-2: Strikes out swinging
Top of the 6th over - 0 runs, 0 hits, 0 errors, 0 left on base; Cincinnati (NYP) 2 - Auburn 0
BOTTOM OF THE 6TH
Auburn Doubledays batting - Pitching for Cincinnati (NYP) Reds : RHP Joaquin Villalobos
Batting: LHB Elias Posada 0-0: Fly out, F9 (Line Drive, 9D, EV 91.3 MPH)
Batting: SHB Alex Medina 0-0: Called Strike
0-1: Ball
1-1: Ball
2-1: Called Strike
2-2: Strikes out swinging
Batting: RHB Nick Moreno 0-0: Ground out 6-3 (Groundball, 6, EV 98.1 MPH)
Bottom of the 6th over - 0 runs, 0 hits, 0 errors, 0 left on base; Cincinnati (NYP) 2 - Auburn 0
TOP OF THE 7TH
Cincinnati (NYP) Reds batting - Pitching for Auburn Doubledays : LHP Ruben de Leon
Batting: RHB Chae-seong Lee 0-0: Ball
1-0: Fly out, F3 (Popup, 3SF, EV 71.3 MPH)
Batting: LHB Antonio Molina 0-0: Ball
1-0: Ball
2-0: Called Strike
2-1: Ball
3-1: Base on Balls
Batting: RHB Alfredo Razo 0-0: Ball
1-0: Called Strike
1-1: Ball
2-1: Grounds into double play, 5-4-3 (Groundball, 56, EV 103.1 MPH)
Top of the 7th over - 0 runs, 0 hits, 0 errors, 0 left on base; Cincinnati (NYP) 2 - Auburn 0
BOTTOM OF THE 7TH
Auburn Doubledays batting - Pitching for Cincinnati (NYP) Reds : RHP Joaquin Villalobos
Pitching: RHP Manuel Avitia
Batting: RHB Isaiah Seme 0-0: Called Strike
0-1: Swinging Strike
0-2: Foul Ball, location: 2F
0-2: Foul Ball, location: 2F
0-2: Strikes out swinging
Batting: LHB Mike Condon 0-0: Ball
1-0: Ground out 6-3 (Groundball, 6M, EV 88.8 MPH)
Batting: SHB Dan Castaneda 0-0: Ball
1-0: Foul Ball, location: 2F
1-1: Ground out 4-3 (Groundball, 4, EV 78.1 MPH)
Bottom of the 7th over - 0 runs, 0 hits, 0 errors, 0 left on base; Cincinnati (NYP) 2 - Auburn 0
TOP OF THE 8TH
Cincinnati (NYP) Reds batting - Pitching for Auburn Doubledays : LHP Ruben de Leon
Pitching: RHP Brent Wainwright
Batting: RHB Marcus Carter 0-0: Called Strike
0-1: Foul Ball, location: 2F
0-2: Foul Ball, location: 2F
0-2: Ball
1-2: Strikes out swinging
Batting: RHB Dave Ruiz 0-0: Called Strike
0-1: Ball
1-1: Ball
2-1: Ball
3-1: Foul Ball, location: 2F
3-2: Strikes out swinging
Batting: SHB Bryan Johnston 0-0: Called Strike
0-1: Ball
1-1: Foul Ball, location: 2F
1-2: Strikes out looking
Top of the 8th over - 0 runs, 0 hits, 0 errors, 0 left on base; Cincinnati (NYP) 2 - Auburn 0
BOTTOM OF THE 8TH
Auburn Doubledays batting - Pitching for Cincinnati (NYP) Reds : RHP Manuel Avitia
Batting: RHB Slavik Nebrodov 0-0: Swinging Strike
0-1: Fly out, F4 (Popup, 34S, EV 78.8 MPH)
Batting: LHB Nate Melendez 0-0: Swinging Strike
0-1: Foul Ball, location: 2F
0-2: Ground out 4-3 (Groundball, 34, EV 85.0 MPH)
Batting: SHB Gabe Fraunfelder 0-0: Swinging Strike
0-1: Ball
1-1: Foul Ball, location: 2F
1-2: Strikes out looking
Bottom of the 8th over - 0 runs, 0 hits, 0 errors, 0 left on base; Cincinnati (NYP) 2 - Auburn 0
TOP OF THE 9TH
Cincinnati (NYP) Reds batting - Pitching for Auburn Doubledays : RHP Brent Wainwright
Pitching: RHP Chris Doty
Batting: RHB Jamie Ingram 0-0: Ground out 5-3 (Groundball, 5L, EV 86.3 MPH)
Batting: RHB Kagetoki Kawai 0-0: Ball
1-0: Swinging Strike
1-1: SINGLE (Groundball, 6MD, EV 95.6 MPH)
Batting: SHB Jeffrey Louter 0-0: Ball
Kagetoki Kawai steals 2nd base
1-0: Intentional Walk
Batting: RHB Chae-seong Lee 0-0: Ball
1-0: Called Strike
1-1: Called Strike
Kagetoki Kawai steals 3rd base
1-2: Ball
2-2: Foul Ball, location: 2F
2-2: Foul Ball, location: 2F
2-2: Strikes out looking
Batting: LHB Antonio Molina 0-0: Swinging Strike
0-1: Ball
1-1: Swinging Strike
1-2: Strikes out swinging
Top of the 9th over - 0 runs, 1 hit, 0 errors, 2 left on base; Cincinnati (NYP) 2 - Auburn 0
BOTTOM OF THE 9TH
Auburn Doubledays batting - Pitching for Cincinnati (NYP) Reds : RHP Manuel Avitia
Pitching: RHP Giovonni Morgia
Batting: LHB Elias Posada 0-0: Called Strike
0-1: Ball
1-1: SINGLE (Groundball, 34, EV 105.0 MPH)
Batting: SHB Alex Medina 0-0: Swinging Strike
0-1: Swinging Strike
0-2: Ball
1-2: Foul Ball, location: 2F
1-2: Ball
2-2: Ball
3-2: Foul Ball, location: 2F
3-2: Foul Ball, location: 2F
3-2: Base on Balls
Elias Posada to second
Batting: RHB Nick Moreno 0-0: Fly out, F9 (Line Drive, 9, EV 93.1 MPH)
Runner from 2nd tags up, SAFE at 3rd with throw by RF
Pinch Hitting: LHB Yoshiya Kurokawa 0-0: Called Strike
0-1: Foul Ball, location: 2F
0-2: Ball
1-2: Strikes out swinging
Batting: LHB Mike Condon 0-0: Ground out 4-3 (Groundball, 4, EV 80.0 MPH)
Bottom of the 9th over - 0 runs, 1 hit, 0 errors, 2 left on base; Cincinnati (NYP) 2 - Auburn 0
Thursday, March 31st , 2022 - OOTP Baseball 22.12 Build 89